 Dungeon Crawl Stone Soup version 0.28.0-45-g0d030f2227 (webtiles) character file.

Game seed: 12810552421240157301

120 Peloso the Skirmisher (level 4, -1/42 HPs)
             Began as a Minotaur Fighter on Mar 31, 2022.
             Succumbed to Crazy Yiuf's poison
             ... on level 2 of the Dungeon.
             The game lasted 00:02:21 (1905 turns).

Peloso the Skirmisher (Minotaur Fighter)            Turns: 1905, Time: 00:02:22

Health: -1/42      AC: 12    Str: 21    XL:     4   Next: 75%
Magic:  3/3        EV:  6    Int:  5    God:
Gold:   33         SH:  4    Dex: 11    Spells: 3/3 levels left

rFire   . . .      SeeInvis .   a - +0 long sword
rCold   . . .      Faith    .   c - +0 buckler
rNeg    . . .      Spirit   .   m - +0 plate armour
rPois   .          Reflect  .   (helmet restricted)
rElec   .          Harm     .   (no cloak)
rCorr   .          Rampage  .   (no gloves)
Will    .....                   (no boots)
Stlth   ..........              (no amulet)
HPRegen 0.14/turn               (no ring)
MPRegen 0.08/turn               (no ring)

@: lethally poisoned (-1 -> -16)
A: horns 2, retaliatory headbutt
a: no special abilities


You were on level 2 of the Dungeon.
You visited 1 branch of the dungeon, and saw 2 of its levels.

You collected 33 gold pieces.

Inventory:

Hand Weapons
 a - a +0 long sword (weapon)
Armour
 b - a +0 scale mail
 c - a +0 buckler (worn)
 m - a +0 plate armour (worn)
Wands
 j - a wand of iceblast (7)
Scrolls
 e - 3 scrolls of identify {unknown}
 f - a scroll of fog {unknown}
 g - a scroll of noise {unknown}
 h - a scroll of fear {unknown}
 n - a scroll of holy word {unknown}
Potions
 d - a potion of might
 i - a potion of heal wounds {unknown}
 k - 2 potions of mutation {unknown}
 l - a potion of lignification {unknown}


   Skills:
 + Level 5.0 Fighting
 + Level 3.3 Long Blades
 + Level 4.8 Armour
 + Level 0.6 Dodging
 + Level 3.9 Shields


You had 3 spell levels left.
You didn't know any spells.
Your spell library was empty.

Dungeon Overview and Level Annotations

Branches:
Dungeon (2/15)

Altars:
Fedhas

Annotations:
D:2 Crazy Yiuf


Innate Abilities, Weirdness & Mutations

You have a pair of horns on your head.
You reflexively headbutt those who attack you in melee.


Message History

You open the door.
There is an open door here.
Found a stone staircase leading down.
Things that are here:
a +0 club; a +0 animal skin; a +0 helmet
Things that are here:
a +0 club; a +0 leather armour You see here a +0 club.
You see here a +0 club.
Crazy Yiuf shouts!
Could not explore, unopened runed door.
Could not explore, unopened runed door.
Could not explore, unopened runed door.
Could not explore, unopened runed door.
You open the door. You slash Crazy Yiuf! Your headbutt misses Crazy Yiuf.
Crazy Yiuf is heavily wounded.
Crazy Yiuf hits you with a +2 quarterstaff of chaos!
Crazy Yiuf burns you.
You hit Crazy Yiuf but do no damage.
Crazy Yiuf is heavily wounded.
Crazy Yiuf grits, "Key cloud aubergine!"
Crazy Yiuf hits you with a +2 quarterstaff of chaos!
Crazy Yiuf hits you but does no damage.
You are poisoned.
You slash Crazy Yiuf!
Crazy Yiuf is severely wounded.
You feel very sick.
Crazy Yiuf hits you with a +2 quarterstaff of chaos.
* * * LOW HITPOINT WARNING * * *
You are lethally poisoned!
You closely miss Crazy Yiuf. Your headbutt misses Crazy Yiuf.
Crazy Yiuf is severely wounded.
* * * LOW HITPOINT WARNING * * *
You feel very sick.
Crazy Yiuf drinks a potion.
Crazy Yiuf is healed!
You slash Crazy Yiuf!
You headbutt Crazy Yiuf, but do no damage.
Crazy Yiuf is almost dead.
You die...

#.# ##.#
#..####.+.....######
####.# #.#
#.....###...#.#.....
#....# #.# #.###.#
#...#.#.###.
#.######### ### ###
#####.#)###. ##.#
#...# #.#...#. .).#
#.### ♣♣♣♣♣###.###.##
...# #.### ###
♣♣♣.♣...+..###.# ...#
#...#
#...#♣..♣........##.#
...# ###.#
#...g@♣♣♣♣.......##.#
##.#####.# #)..#♣♣
♣♣..'....).#
...).....# ###
♣♣##...####
...).....# #####
...<.....#
.........#######
.###'###......>#
##.....##.######
#.......#.#


You could see Crazy Yiuf.

Vanquished Creatures
  Jessica (D:2)
  Robin (D:2)
  A gnoll (D:1)
  An adder (D:2)
  A worm (D:2)
  2 dart slugs (D:1)
  An orc (D:2)
  2 ball pythons (D:1)
  2 endoplasms (D:1)
  3 giant cockroaches (D:1)
  14 goblins
  7 hobgoblins
  2 quokkas (D:1)
  7 bats
  A frilled lizard (D:1)
  3 kobolds (D:2)
  2 rats (D:1)
51 creatures vanquished.

Notes
Turn   | Place    | Note
-------+----------+-------------------------------------------
     0 | D:1      | Peloso the Minotaur Fighter began the quest for the Orb.
     0 | D:1      | Reached XP level 1. HP: 19/19 MP: 0/0
    95 | D:1      | Reached skill level 4 in Fighting
    95 | D:1      | Reached XP level 2. HP: 23/28 MP: 1/1
   326 | D:1      | Reached XP level 3. HP: 34/34 MP: 2/2
   898 | D:2      | Found a runed translucent door.
   899 | D:2      | Noticed Crazy Yiuf
   979 | D:2      | Noticed Robin
  1242 | D:1      | Reached XP level 4. HP: 36/41 MP: 3/3
  1254 | D:2      | Killed Robin
  1315 | D:2      | Reached skill level 5 in Fighting
  1325 | D:2      | Noticed Jessica
  1330 | D:2      | Killed Jessica
  1800 | D:2      | Found a blossoming altar of Fedhas.
  1904 | D:2      | HP: 2/42 [poisoned by Crazy Yiuf]
  1905 | D:2      | Succumbed to Crazy Yiuf's poison

Illustrated notes

Levels and vault maps discovered:
D:1:      mrwooster_arrival_arrow, layout_loops_corners
D:2:      layout_basic, kennysheep_flooded_box, uniq_jessica, uniq_robin,
          uniq_crazy_yiuf_cottage

Skill      XL: |  1  2  3  4 |
---------------+-------------+-----
Fighting       | 4 5 |  5.0
Long Blades    | 3 |  3.3
Armour         | 4 |  4.8
Dodging        | |  0.6
Shields        | |  3.9

Action                   |  1- 3 |  4- 6 || total
-------------------------+-------+-------++-------
Melee: Long sword        |    80 |    27 ||   107
       Headbutt          |     9 |     7 ||    16
Armor: Scale mail        |    51 |     9 ||    60
       Plate armour      |       |     5 ||     5
Dodge: Dodged            |    57 |    11 ||    68
Block: Buckler           |    20 |     7 ||    27
